Unix NetHack Version 5.0.0-0 post-release - last build May 31 2026 23:59:36 (970b52f25bf058293b47ddfd14a1e40e571c508c,branch:main).

Game began 2026-05-26 15:46:38, ended 2026-06-01 19:14:44.

DrabEmordnilap, neutral female gnomish Wizard

                  #######                         ####       --------
                 ## ---------------------------------#       |......|
 ---------       #  |...|..|.....|..-....|..|..|..-.|#     ##.......|
 |.......|      ##  |...-. |.....|..|....-..|..|..|.|#     # |.<....|
 |........#######   |...----.....----....-----|----.|#  #### --.-----
 |.......| #########-.........(......................####      #
 |........##     ## |...---|---.--.......--|-..-|--.|##        ####
 |.......|        # |...|...|....|{......|..|..|..|.|##           #
 ---------        #`|...|%%.|....|.......|..|..|..|.|##           ###
                   #....|%%!|._..|.......----..----.|##             #
                    |.%.|%%%|..(.|....{.....`....)..|##             #
                    |...|------%---.--------+------.|##             ##
                    |...|...(|aa%a|.|!(.(|...|%).)|..##              ###
                    |...-....|@a%a|.|..(.|...|!%[.|.|#            -----.----
                    |...|....|aa.a+(-.!((|...|.!..-.|#############-........|
                    |...-----------.---------------.|             |>.......|
                    |...............................|             |........|
                    ---------------------------------             ----------

DrabEmordnilap the Magician  St:25 Dx:14 Co:18 In:19 Wi:15 Ch:10  Neutral
Dlvl:6  $:0  HP:0(76) Pw:2(119) AC:0  Xp:11 T:20122 

Latest messages:
 What do you want to zap? [koB or ?*] ?
 In what direction? 6
 The magic missile hits the giant ant!
 The magic missile misses the killer bee.
 The magic missile bounces!
 The magic missile hits the killer bee!
 The magic missile hits the giant ant!
 The giant ant misses!
 The giant ant bites!
 The giant ant just misses!
 The giant ant misses!
 The giant ant bites!
 The giant ant bites!
 The giant ant bites!
 You hit the giant ant!
 The giant ant just misses!
 The giant ant bites!
 The giant ant misses!
 The giant ant bites!
 The giant ant bites!
 The giant ant bites!
 What do you want to drink? [R or ?*] ?
 What do you want to drink? [R or ?*] R
 You feel better.
 The giant ant just misses!
 The giant ant bites!
 The giant ant bites!
 The giant ant bites!
 The giant ant misses!
 The priest of Anhur casts a spell!
 The priest of Anhur looks better.
 The giant ant bites!
 The giant ant misses!
 The giant ant just misses!
 The giant ant bites!
 The giant ant bites!
 You kill the giant ant!
 The giant ant bites!
 The giant ant bites!
 The giant ant bites!
 The giant ant misses!
 The fire ant bites!
 The fire ant misses!
 The giant ant bites!
 You die...
 Do you want your possessions identified? [ynq] (y) y
 Do you want to see your attributes? [ynq] (y) y
 Do you want an account of creatures vanquished? [ynaq] (y) y
 Do you want to see your conduct and achievements? [ynq] (y) y
 Do you want to see the dungeon overview? [ynq] (y) y

Inventory:
 Amulets  ('"')
  A - an uncursed amulet of reflection (being worn)
 Weapons  (')')
  I - a blessed +0 dagger named +0
  M - a +0 elven dagger named +0 (weapon in right hand)
 Armor    ('[')
  K - a blessed fireproof +1 elven leather helm (being worn)
  L - an uncursed thoroughly rusty +0 pair of gauntlets of power (being worn)
  p - an uncursed +0 pair of elven boots (being worn)
  b - an uncursed rotted +2 cloak of magic resistance (being worn)
  u - an uncursed +0 studded leather armor (being worn)
 Comestibles  ('%')
  l - an uncursed taco
  m - 2 uncursed fortune cookies
  S - 2 uncursed tripe rations
  q - an uncursed tin of stir fried gargoyle meat
  X - 2 uncursed lizard corpses
 Rings    ('=')
  T - an uncursed ring of free action (on left hand)
  e - an uncursed ring of protection from shape changers (on right hand)
 Wands    ('/')
  o - a wand of fire (0:2)
  k - a wand of magic missile (0:1)
  B - a wand of teleportation (0:5)
 Tools    ('(')
  v - an empty uncursed sack
  C - an expensive camera (0:66)
  c - an uncursed oil lamp (lit)
  g - a +0 pick-axe named uc
  d - an uncursed skeleton key
  s - an uncursed stethoscope
  a - a +0 unicorn horn

DrabEmordnilap the Wizard's attributes:

Background:
 You were a Magician, a level 11 female gnomish Wizard.
 You were neutral, on a mission for Thoth
 who was opposed by Ptah (lawful) and Anhur (chaotic).
 You were right-handed.
 You were in the Gnomish Mines, on level 6.
 You entered the dungeon 20122 turns ago.
 There was a full moon in effect when your adventure ended.
 You had 12210 experience points, 7790 more were needed to attain level 12.

Basics:
 You had 0 out of 76 hit points.
 You had 2 out of 119 energy points (spell power).
 Your armor class was 0.
 Your wallet was empty.
 Autopickup was off.

Final Characteristics:
 Your strength was 25 (base:16, innate limit:18/50).
 Your dexterity was 14 (peak:15, limit:18).
 Your constitution was 18 (limit:18).
 Your intelligence was 19 (limit:19).
 Your wisdom was 15 (limit:18).
 Your charisma was 10 (limit:18).

Final Status:
 You weren't hungry.
 You were unencumbered.
 You were wielding a dagger.
 You had expert skill with dagger.

Final Attributes:
 You were piously aligned.
 You were magic-protected.
 You were cold resistant.
 You were sleep resistant.
 You were poison resistant.
 You were telepathic.
 You had infravision.
 You were stealthy.
 You had a small defense bonus (+2).
 You were warded.
 You were protected from shape changers.
 You had reflection.
 You had free action.
 You were lucky.
 You are dead.

Miscellaneous:
 You encountered 1 bones level.
 Total elapsed playing time was 5 hours, 2 minutes and 37 seconds.

Major events:
 Turn
    1: DrabEmordnilap the neutral female gnomish Wizard entered the dungeon
  356: attained the rank of Conjurer (level 3)
  588: entered the Gnomish Mines
 1680: reached Mine Town
 3252: attained the rank of Thaumaturge (level 6)
 6389: entered Sokoban
 7054: completed 1st Sokoban level
 7481: completed 2nd Sokoban level
 7880: completed 3rd Sokoban level
 9335: completed 4th Sokoban level
 9955: attained the rank of Magician (level 10)
13066: acquired the Sokoban amulet of reflection
20122: killed by a giant ant

Spells:
 Name                 Level Category     Fail Retention
 force bolt             1   attack         3%  96%-100%
 light                  1   divination     3%  76%-100%
 chain lightning        2   attack         3%   11%-15%
 healing                1   healing        3%    1%-25%
 slow monster           2   enchantment    3%   31%-40%
 invisibility           4   escape       100%   51%-75%
 levitation             4   escape       100%   51%-75%
 extra healing          3   healing       81%  76%-100%

Skills:
 Fighting Skills
   bare handed combat [Unskilled]
   riding             [Unskilled]
 Weapon Skills
   dagger             [Expert]
   knife              [Unskilled]
   axe                [Unskilled]
   short sword        [Unskilled]
   club               [Unskilled]
   mace               [Unskilled]
   quarterstaff       [Basic]
   polearms           [Unskilled]
   spear              [Unskilled]
   trident            [Unskilled]
   sling              [Unskilled]
   dart               [Unskilled]
   shuriken           [Unskilled]
 Spellcasting Skills
   attack spells      [Skilled]
   healing spells     [Unskilled]
   divination spells  [Unskilled]
   enchantment spells [Basic]
   clerical spells    [Unskilled]
   escape spells      [Unskilled]
   matter spells      [Unskilled]

Voluntary challenges:
 Character rerolling was not enabled.
 You never genocided any monsters.
 You never polymorphed an object.
 You never changed form.
 You used no wishes.
 You did not violate any of the special Sokoban rules.
Achievements:
 You attained the rank of Conjurer.
 You entered the Gnomish Mines.
 You entered Minetown.
 You entered a shop.
 You entered a temple.
 You attained the rank of Thaumaturge.
 You entered Sokoban.
 You attained the rank of Magician.
 You completed Sokoban.

 The Dungeons of Doom: levels 1 to 15
    Level 1:
    Level 2: "temp stash"
       Stairs down to The Gnomish Mines.
    Level 3:
       An armor shop, a fountain.
    Level 4:
       A sink.
    Level 5:
       A fountain, a sink.
    Level 6:
       A general store, a sink.
    Level 7:
       Many fountains.
    Level 8: "temp stash"
       Stairs up to Sokoban, level 7.
    Level 9:
       Many shops.
    Level 10:
       Some fountains, many trees.
    Level 11: "temp stash"
       A fountain, a sink.
    Level 12:
       A fountain.
    Level 13:
       A fountain.
    Level 14:
       A throne, a fountain, a grave.
       Summoned by Neferet the Green.
    Level 15:
 The Gnomish Mines: levels 3 to 9
    Level 3:
       A grave.
       Final resting place for
          Jobair-Tou-Hum-Fem-Neu, killed by a hill orc.
    Level 4:
    Level 5:
    Level 6: "stash :(" <- You were here.
       Many shops, a temple and an altar, some fountains.
       Final resting place for
          you, killed by a giant ant.
    Level 7:
    Level 8:
    Level 9:
 Sokoban: levels 7 up to 4
    Level 4:
       Solved.
    Level 5:
       Solved.
    Level 6:
       Solved.
    Level 7:
       Solved.


Vanquished creatures:
  2 ghosts
  4 giant mimics
  a long worm
  a wumpus
  5 stalkers
  2 water elementals
 an elf-noble
  5 wargs
  a winter wolf
 13 small mimics
  3 xans
  a quantum mechanic
  a sasquatch
  a pyrolisk
  a large dog
  a freezing sphere
  2 shocking spheres
  a tiger
  2 gargoyles
  a dwarf ruler
  3 tengu
  2 ochre jellies
  a leocrotta
  2 mountain centaurs
  2 human mummies
  a pit viper
  4 wraiths
  2 ettin zombies
  5 Grey-elves
  a soldier
  3 watchmen
 an amorous demon
  a chameleon
  a crocodile
  6 giant beetles
  4 cockatrices
  2 wolves
  6 winter wolf cubs
  8 leprechauns
  2 orc-captains
  3 giant spiders
  2 scorpions
  2 horses
  2 ice vortices
  a black light
  a vampire bat
  a forest centaur
  a gnome ruler
 an orc mummy
  a dwarf mummy
 an ogre
  3 brown puddings
  2 rust monsters
  4 owlbears
  a werewolf
  3 Green-elves
  6 lizards
  a dingo
  a dog
  2 housecats
  2 jaguars
  2 blue jellies
  a black unicorn
  2 dust vortices
  5 ravens
  3 plains centaurs
  a gnome mummy
  3 snakes
 an ape
  2 human zombies
  2 Woodland-elves
  2 soldier ants
  7 fire ants
  9 bugbears
 an imp
  a quasit
  4 wood nymphs
  2 water nymphs
  a mountain nymph
  3 orc shamans
  3 rock piercers
  a rock mole
  2 ponies
  a fog cloud
  4 yellow lights
  4 violet fungi
  3 gnome leaders
  3 gnomish wizards
  3 kobold mummies
  a golden naga hatchling
  a guardian naga hatchling
  3 gray oozes
 14 elf zombies
  2 ghouls
  2 straw golems
 20 giant ants
  2 little dogs
  8 floating eyes
  4 kittens
  4 dwarves
  6 homunculi
 40 hill orcs
  8 rothes
  a rabid rat
  4 centipedes
  2 giant bats
  a monkey
  4 orc zombies
  2 dwarf zombies
  a wererat
  3 werejackals
  7 iguanas
  2 killer bees
  3 acid blobs
  a coyote
  a gas spore
  7 hobbits
  5 manes
  a large kobold
  6 hobgoblins
  6 giant rats
 10 cave spiders
  a yellow mold
  2 green molds
  2 red molds
  9 gnomes
  5 garter snakes
  2 gnome zombies
 12 geckos
 12 jackals
  2 foxes
  2 kobolds
  7 goblins
  4 sewer rats
 11 grid bugs
  2 bats
  6 lichens
  a kobold zombie
 10 newts
495 creatures vanquished.

No species were genocided or became extinct.

Game over:
                       ----------
                      /          \
                     /    REST    \
                    /      IN      \
                   /     PEACE      \
                  /                  \
                  |  DrabEmordnilap  |
                  |       0 Au       |
                  |   killed by a    |
                  |    giant ant     |
                  |                  |
                  |                  |
                  |       2026       |
                 *|     *  *  *      | *
        _________)/\\_//(\/(/\)/\//\/|_)_______

Goodbye DrabEmordnilap the Wizard...

You died in The Gnomish Mines on dungeon level 6 with 46032 points,
and 0 pieces of gold, after 20122 moves.
You were level 11 with a maximum of 76 hit points when you died.

